 Dungeon Crawl Stone Soup version 0.24.0-37-gcf1ca852f1 (webtiles) character file.

Game seed: 13982854230920268993, levelgen mode: deterministic

28 Descartes the Ducker (level 2, -5/14 HPs)
             Began as a Felid Monk on Dec 1, 2019.
             Killed by nerve-wracking pain
             ... invoked by a shadow imp
             ... summoned by Natasha
              (9 damage)
             ... on level 2 of the Dungeon.
             The game lasted 00:01:36 (914 turns).

Descartes the Ducker (Felid Monk)                    Turns: 914, Time: 00:01:36

Health: -5/14      AC:  1    Str:  7    XL:     2   Next: 96%
Magic:  3/3        EV: 20    Int: 11    God:
Gold:   54         SH:  0    Dex: 18    Spells: 1/1 levels left
                                        Lives:  0   Deaths: 0

rFire    . . .     SeeInvis +     - Unarmed
rCold    . . .     Gourm    .   (shield unavailable)
rNeg     . . .     Faith    .   (armour unavailable)
rPois    .         Spirit   .   (helmet unavailable)
rElec    .         Reflect  .   (cloak unavailable)
rCorr    .         Harm     .   (gloves unavailable)
MR       .....                  (boots unavailable)
Stlth    +++.......             (no amulet)
HPRegen  0.04/turn              (no ring)
MPRegen  0.08/turn              (no ring)

@: quick
A: very small, no armour, no weapons or thrown items, stealth, claws 1, fangs 3,
see invisible, carnivore, speed 1, shaggy fur 1, slow metabolism 1, sharp paws
a: no special abilities


You were on level 2 of the Dungeon.
You were completely stuffed.

You visited 1 branch of the dungeon, and saw 2 of its levels.

You collected 54 gold pieces.

Inventory:

Missiles
 j - 9 arrows
Jewellery
 b - a +2 ring of intelligence {unknown}
Scrolls
 d - a scroll of fear {unknown}
 g - a scroll of fog {unknown}
 i - a scroll of identify {unknown}
 n - a scroll of magic mapping {unknown}
 o - a scroll of teleportation {unknown}
Potions
 c - a potion of flight {unknown}
 e - a potion of lignification {unknown}
 f - 2 potions of ambrosia {unknown}
 h - 2 potions of curing {unknown}
 k - 2 potions of agility {unknown}
 m - a potion of invisibility {unknown}
Comestibles
 a - 4 rations


   Skills:
 + Level 3.1 Fighting
 + Level 4.3 Dodging
 * Level 3.7 Stealth
 * Level 3.3 Unarmed Combat


You had one spell level left.
You didn't know any spells.
Your spell library was empty.

Dungeon Overview and Level Annotations

Branches:
Dungeon (2/15)

Altars:

Annotations:
D:2 Natasha


Innate Abilities, Weirdness & Mutations

You cannot wear armour.
You are incapable of wielding weapons or throwing items.
Your paws allow you to move quietly. (Stealth)
You have sharp claws.
You have razor-sharp teeth.
You have supernaturally acute eyesight. (SInv)
You are carnivorous and can eat meat at any time.
You cover ground quickly.
You are covered in fur. (AC +1)
You have a slow metabolism.
Your sharp claws are effective at attacking unaware monsters.


Message History

The crimson imp closely misses you. Natasha claws you.
The shadow imp barely misses you.
You barely miss Natasha. You bite Natasha, but do no damage.
Natasha is lightly wounded.
You barely miss Natasha.
Natasha is lightly wounded.
The crimson imp barely misses you. The shadow imp gestures at you.
Pain shoots through your body!
Ouch! That really hurt!
* * * LOW HITPOINT WARNING * * *
Natasha completely misses you.
The shadow imp disappears for a moment.
The shadow imp closely misses you.
The crimson imp blinks!
Natasha casts a spell.
The shadow imp gestures at you. Pain shoots through your body!
Ouch! That really hurt!
You die...

#
##.##############################
............gh..@................
##...5...5.###########.#######
>............5+ #.#
.#.##.........# #.# # #.....†...#
#.# #.........# #.# +....$....#
#.# # #.........# #.# #
########### #.# #


You could see Natasha, a shadow imp and a goblin.

Vanquished Creatures
  A leopard gecko (D:1)
  3 bats (D:1)
  A giant cockroach (D:1)
  4 goblins (D:1)
  4 hobgoblins
  5 kobolds (D:1)
  4 frilled lizards
  2 rats (D:1)
24 creatures vanquished.

Notes
Turn   | Place    | Note
-------+----------+-------------------------------------------
     0 | D:1      | Descartes the Felid Monk began the quest for the Orb.
     0 | D:1      | Reached XP level 1. HP: 10/10 MP: 2/2
   270 | D:1      | Reached XP level 2. HP: 14/14 MP: 3/3
   897 | D:2      | Noticed Natasha
   902 | D:2      | Noticed a crimson imp
   913 | D:2      | Noticed a crimson imp
   914 | D:2      | Killed from afar by a shadow imp

Levels and vault maps discovered:
D:1:      noname_arrival_rooms_in_the_neighbourhood, layout_rooms
D:2:      cheibrodos_helix_gallery, layout_basic, bloody_makhleb, uniq_natasha

Skill      XL: |  1 |
---------------+----+-----
Stealth        | 3 |  3.7
Fighting       | |  3.1
Dodging        | |  4.3
Unarmed Combat | |  3.3

Action                   || total
-------------------------++-------
Melee: Unarmed           ||    68
       Bite              ||     8
 Stab: Sleeping          ||     2
  Eat: Chunk             ||     7
Armor: Skin              ||     1
Dodge: Dodged            ||    56
